[Event "GER-chT States Women 2022"]
[Site "Braunfels"]
[Date "2022.06.16"]
[Round "1.28"]
[White "Prinzen, Siri Marleen"]
[Black "Buchholz, Maja"]
[Result "1-0"]
[ECO "D00"]
[WhiteElo "1744"]
[BlackElo "1945"]
[Annotator "TA"]
[PlyCount "97"]
[EventDate "2022.06.15"]
[EventType "swiss"]
[EventCountry "GER"]
[SourceTitle "playchess.com"]
[Source "ChessBase"]
[SourceQuality "1"]
[TimeControl "40/5400+30:1800+30"]

1. d4 d5 2. Bf4 Nf6 3. e3 c5 4. Nc3 a6 5. Nf3 e6 6. Ne5 {[%emt 0:02:12] D00: 1 d4 d5: Unusual lines.} Bd6 7. Bd3 Qc7 {[%emt 0:00:41] [#]} 8. Bg3 $146 {[%emt 0:01:58] The position is equal.} ({Predecessor:} 8. O-O Nc6 9. Nxc6 Bxf4 10. exf4 bxc6 11. dxc5 Qxf4 12. Re1 Ng4 13. Qf3 Qxh2+ 14. Kf1 {0-1 (51) Buksa,N (2419)-Mekhitarian,K (2554) Chess.com INT 2021}) 8... Nc6 9. Nxc6 bxc6 (9... Qxc6 $11 10. Qf3 O-O) 10. dxc5 $14 Bxg3 11. hxg3 Qa5 12. a3 Qxc5 13. e4 Bd7 $2 (13... h6 $11) 14. e5 $18 Ne4 (14... Ng8 $16 {is a better defense.}) 15. Bxe4 ({Not} 15. Nxe4 dxe4 16. Bxe4 Qxe5 $14) 15... dxe4 {[%emt 0:00:12] [#]} 16. Qd6 ({Don't do} 16. Nxe4 $6 Qxe5 17. Qd3 Rb8 $16) ({White should play} 16. Qh5 $1 $18) 16... Qxd6 $16 17. exd6 f5 {[%emt 0:00:27] [#]} 18. Na4 $1 {[%emt 0:03:05] White is more active.} O-O 19. Nb6 $36 {[%emt 0:04:58][%mdl 2048] White is really pushing.} Ra7 20. c4 c5 (20... g6 {keeps fighting.} 21. c5 e5) 21. b4 $18 cxb4 22. axb4 Rb8 23. c5 Bb5 24. Kd2 (24. f3 $18) 24... h6 $2 {[%emt 0:00:59] This costs Black the game.} (24... Rxb6 $1 $14 25. cxb6 Rd7) 25. Rhd1 Kf7 26. Kc3 Rab7 27. Kb3 Rd8 $2 (27... Ke8 {might work better.} 28. d7+ Ke7) 28. Nc4 {[%emt 0:06:46][%cal Oc5c6] And now c6! would win.} Kf6 29. Na5 Rbd7 30. Rd2 e5 31. Nc4 Ke6 32. Nb6 Ra7 33. Nd5 Kd7 34. Nc7 Bd3 35. Rda2 (35. b5 $142) 35... f4 $2 (35... Rxc7 36. dxc7 Kxc7) 36. gxf4 exf4 37. Kc3 (37. Nxa6 $142 {[%cal Oa6b8] Strongly threatening Nb8+!} Rb7 38. Nc7) 37... g5 $2 (37... Rxc7 38. dxc7 Kxc7) 38. b5 Rh8 39. Rxa6 Rxc7 40. dxc7 {[%emt 0:01:31] White threatens Rd6+ and mate.} Bxb5 {[%emt 0:00:10][%mdl 4096] Endgame KRR-KRB} 41. Rd6+ Kxc7 42. Ra7+ Kb8 43. Rg7 {[%emt 0:01:56] White wants to mate with Rb6+.} Bf1 44. Rb6+ Ka8 45. Rbb7 e3 46. Ra7+ Kb8 47. Rgb7+ Kc8 48. c6 Bxg2 49. Ra8# {Weighted Error Value: White=0.34/Black=0.63} 1-0

[Event "GER-chT States Women 2022"]
[Site "Braunfels"]
[Date "2022.06.16"]
[Round "1.29"]
[White "Frank, Michelle Viviane"]
[Black "Albayrak, Berrak"]
[Result "1-0"]
[ECO "E73"]
[WhiteElo "1882"]
[BlackElo "1569"]
[Annotator "NA RC COMBH"]
[PlyCount "67"]
[EventDate "2022.06.15"]
[EventType "swiss"]
[EventCountry "GER"]
[SourceTitle "playchess.com"]
[Source "ChessBase"]
[SourceQuality "1"]
[TimeControl "40/5400+30:1800+30"]

1. d4 Nf6 2. c4 g6 3. Nc3 Bg7 4. e4 d6 5. Be2 O-O 6. f4 e5 7. fxe5 dxe5 8. d5 a5 9. Nf3 Nfd7 10. O-O Na6 11. Bg5 f6 12. Be3 Nac5 13. Nd2 f5 14. Nb3 Nxb3 15. axb3 f4 16. Bf2 g5 17. b4 c6 18. d6 b6 19. b5 Bb7 20. bxc6 Bxc6 21. Nd5 Bxd5 22. Qxd5+ Kh8 23. Qb5 Rc8 24. Bg4 Rf7 25. Be6 Qe8 26. Bxf7 Qxf7 27. Bxb6 Rxc4 28. Bxa5 Rxe4 29. Rac1 Rd4 30. Bb4 Rd5 31. Qb7 e4 32. Rc8+ Bf8 33. Rxf8+ Qxf8 34. Qxd5 1-0

[Event "GER-chT States Women 2022"]
[Site "Braunfels"]
[Date "2022.06.16"]
[Round "1.30"]
[White "Schilay, Maria"]
[Black "Werner, Rosalie"]
[Result "0-1"]
[ECO "C06"]
[WhiteElo "1568"]
[BlackElo "1712"]
[Annotator "NA RC COMBH"]
[PlyCount "54"]
[EventDate "2022.06.15"]
[EventType "swiss"]
[EventCountry "GER"]
[SourceTitle "playchess.com"]
[Source "ChessBase"]
[SourceQuality "1"]
[TimeControl "40/5400+30:1800+30"]

1. e4 e6 2. d4 d5 3. Nd2 Nf6 4. e5 Nfd7 5. Bd3 c5 6. c3 Nc6 7. Ne2 cxd4 8. cxd4 f6 9. exf6 Nxf6 10. Nf3 Bd6 11. Bf4 Bxf4 12. Nxf4 Qa5+ 13. Qd2 Qxd2+ 14. Kxd2 O-O 15. Rhe1 Ne4+ 16. Ke3 Nxf2 17. g3 Nxd3 18. Kxd3 h6 19. Nd2 Rf6 20. Re2 Kf7 21. a3 b6 22. Kc3 Ba6 23. Re3 Rc8 24. Nb3 Na5+ 25. Kd2 Nc4+ 26. Ke2 Nxe3+ 27. Kxe3 Rc2 0-1

[Event "GER-chT States Women 2022"]
[Site "Braunfels"]
[Date "2022.06.16"]
[Round "1.31"]
[White "Krausse, Vanessa"]
[Black "Albayrak, Aylin"]
[Result "1/2-1/2"]
[ECO "B56"]
[WhiteElo "1632"]
[BlackElo "1671"]
[Annotator "NA RC COMBH"]
[PlyCount "78"]
[EventDate "2022.06.15"]
[EventType "swiss"]
[EventCountry "GER"]
[SourceTitle "playchess.com"]
[Source "ChessBase"]
[SourceQuality "1"]
[TimeControl "40/5400+30:1800+30"]

1. e4 c5 2. Nf3 Nc6 3. d4 cxd4 4. Nxd4 Nf6 5. Nc3 d6 6. Be3 Ng4 7. Bc1 Nxd4 8. Qxd4 e5 9. Bb5+ Bd7 10. Bxd7+ Qxd7 11. Qd1 Be7 12. f3 Nf6 13. Be3 O-O 14. g4 a6 15. h4 b5 16. g5 Nh5 17. Nd5 Bd8 18. f4 Ng3 19. Rg1 Nxe4 20. fxe5 Qh3 21. Qg4 Qxg4 22. Rxg4 Nc5 23. exd6 Re8 24. O-O-O Nd7 25. Rgd4 Rc8 26. Ne7+ Bxe7 27. dxe7 Rxe7 28. Rxd7 Rxe3 29. Rd8+ Re8 30. Rxc8 Rxc8 31. Rd6 Ra8 32. Kd2 Kf8 33. Kc3 Ke7 34. Rb6 Kd7 35. Kb4 Rc8 36. Rd6+ Ke7 37. Rb6 Kd7 38. c3 Rc4+ 39. Ka5 Ra4# 1/2-1/2

[Event "GER-chT States Women 2022"]
[Site "Braunfels"]
[Date "2022.06.16"]
[Round "1.32"]
[White "Alferova, Emily"]
[Black "Engel, Esther"]
[Result "1/2-1/2"]
[ECO "C01"]
[WhiteElo "1536"]
[BlackElo "1751"]
[Annotator "NA RC COMBH"]
[PlyCount "75"]
[EventDate "2022.06.15"]
[EventType "swiss"]
[EventCountry "GER"]
[SourceTitle "playchess.com"]
[Source "ChessBase"]
[SourceQuality "1"]
[TimeControl "40/5400+30:1800+30"]

1. e4 e6 2. d4 d5 3. exd5 exd5 4. Bd3 Bd6 5. Qf3 c6 6. Ne2 Nf6 7. h3 h6 8. c3 O-O 9. O-O Nbd7 10. Bf4 Qc7 11. Nd2 Re8 12. Bxd6 Qxd6 13. Ng3 Nf8 14. Rfe1 Bd7 15. Bf5 Ne6 16. Bxe6 Bxe6 17. Re2 Bd7 18. Rae1 Rxe2 19. Rxe2 Re8 20. Rxe8+ Nxe8 21. Qe3 Nf6 22. Nf3 Be6 23. Nh4 Kf8 24. Nhf5 Bxf5 25. Nxf5 Qe6 26. Qxe6 fxe6 27. Nd6 b5 28. Nb7 Ke7 29. Nc5 Kd6 30. Kf1 g5 31. Ke2 Nh5 32. g3 e5 33. Ke3 e4 34. b4 Ng7 35. g4 Ne8 36. f3 exf3 37. Kxf3 Nf6 38. Ke3 1/2-1/2

[Event "GER-chT States Women 2022"]
[Site "Braunfels"]
[Date "2022.06.16"]
[Round "1.33"]
[White "Krasnopeyeva, Julia"]
[Black "Steinbacher, Claudia"]
[Result "0-1"]
[ECO "B28"]
[WhiteElo "1939"]
[BlackElo "2020"]
[Annotator "NA COMBH"]
[PlyCount "78"]
[EventDate "2022.06.15"]
[EventType "swiss"]
[EventCountry "GER"]
[SourceTitle "playchess.com"]
[Source "ChessBase"]
[SourceQuality "1"]
[TimeControl "40/5400+30:1800+30"]

1. e4 c5 2. Nf3 a6 3. Nc3 Nc6 4. d4 cxd4 5. Nxd4 Qc7 6. Be3 e6 7. a3 Nf6 8. Be2 Be7 9. Qd2 Nxd4 10. Bxd4 d6 11. f4 O-O 12. O-O b5 13. Bf3 Bb7 14. Be3 Rad8 15. g4 d5 16. e5 Nd7 17. Ne2 Rc8 18. Nd4 Bc5 19. c3 Nb6 20. Qg2 Nc4 21. Bc1 Na5 22. Bd1 Qb6 23. Qf2 Nc6 24. Be3 a5 25. b4 axb4 26. axb4 Bxd4 27. cxd4 Nxb4 28. Qb2 Nc6 29. Be2 b4 30. f5 Nxe5 31. Bf4 Nc4 32. Bxc4 dxc4 33. fxe6 fxe6 34. Rab1 Qc6 35. Qd2 c3 36. d5 Qc5+ 37. Qe3 Rxf4 38. Qxc5 Rxf1+ 39. Kxf1 Rxc5 0-1

[Event "GER-chT States Women 2022"]
[Site "Braunfels"]
[Date "2022.06.16"]
[Round "1.34"]
[White "Peglau, Dora"]
[Black "Mader, Lena"]
[Result "1/2-1/2"]
[ECO "E81"]
[WhiteElo "2008"]
[BlackElo "1789"]
[Annotator "NA RC"]
[PlyCount "136"]
[EventDate "2022.06.15"]
[EventType "swiss"]
[EventCountry "GER"]
[SourceTitle "playchess.com"]
[Source "ChessBase"]
[SourceQuality "1"]
[TimeControl "40/5400+30:1800+30"]

1. d4 Nf6 2. c4 g6 3. f3 Bg7 4. e4 d6 5. Nc3 O-O 6. Be3 c5 7. Nge2 cxd4 8. Nxd4 Nc6 9. Be2 Bd7 10. O-O Rc8 11. Qd2 a6 12. Rfd1 Nxd4 13. Bxd4 Be6 14. b3 Bd7 15. Rac1 Bc6 16. a4 Nd7 17. Be3 Nf6 18. b4 Bd7 19. a5 Be6 20. Bb6 Qe8 21. Nd5 Bxd5 22. cxd5 Qa4 23. Kf2 Nd7 24. Be3 Nf6 25. Bc4 Qd7 26. Rc2 h5 27. Rdc1 Kh7 28. Bb3 Rxc2 29. Qxc2 Bh6 30. Bxh6 Kxh6 31. Ba4 b5 32. axb6 Qb7 33. Qc7 Rb8 34. Rc6 g5 35. b5 a5 36. Ke3 Nd7 37. Qxb7 Rxb7 38. Rc7 Nc5 39. Rxb7 Nxb7 40. f4 f6 41. g3 Nc5 42. Kd4 Nb7 43. e5 fxe5+ 44. fxe5 g4 45. Bc2 Kg5 46. Bh7 Nc5 47. Bg8 a4 48. Bh7 h4 49. Bc2 a3 50. Bb1 hxg3 51. hxg3 Nb7 52. exd6 exd6 53. Kc3 Kf6 54. Kb4 Ke5 55. Kc4 Kf6 56. Kb3 Ke5 57. Kxa3 Kxd5 58. Bf5 Kc5 59. Ka4 Kxb6 60. Bxg4 Nc5+ 61. Kb4 Ne4 62. Bd7 Nxg3 63. Kc4 Ne4 64. Kd4 Nc5 65. Bc6 Ne6+ 66. Kd5 Nc7+ 67. Kxd6 Nxb5+ 68. Bxb5 Kxb5 1/2-1/2

[Event "GER-chT States Women 2022"]
[Site "Braunfels"]
[Date "2022.06.16"]
[Round "1.35"]
[White "Bazzazi, Elnaz"]
[Black "Peglau, Mirjam"]
[Result "1/2-1/2"]
[ECO "C05"]
[WhiteElo "1749"]
[BlackElo "1834"]
[Annotator "NA RC COMBH"]
[PlyCount "116"]
[EventDate "2022.06.15"]
[EventType "swiss"]
[EventCountry "GER"]
[SourceTitle "playchess.com"]
[Source "ChessBase"]
[SourceQuality "1"]
[TimeControl "40/5400+30:1800+30"]

1. e4 e6 2. d4 d5 3. Nd2 Nf6 4. e5 Nfd7 5. Bd3 c5 6. c3 Nc6 7. Ne2 Qb6 8. Nf3 Be7 9. O-O O-O 10. Re1 Re8 11. Bb1 Nf8 12. b3 cxd4 13. cxd4 Bd7 14. a3 Rac8 15. Bg5 Na5 16. b4 Nc4 17. Bxe7 Rxe7 18. Nf4 a5 19. Nd3 Be8 20. Re2 Rec7 21. h3 Ng6 22. g3 Ne7 23. Bc2 Nc6 24. bxa5 Qxa5 25. Nc5 g6 26. Nb3 Qc3 27. Kg2 N6a5 28. Nc5 b6 29. Nb3 Nxb3 30. Bxb3 Qa5 31. a4 Qb4 32. Ne1 Na5 33. Bc2 Nc4 34. Rb1 Qa5 35. Bb3 Ra8 36. Ra2 Qa6 37. Nc2 Qa5 38. Na3 Nxa3 39. Rxa3 Rc3 40. Ra2 Qa6 41. Bc2 Qa5 42. Rab2 Rac8 43. Bb3 Qa6 44. Rc2 Rxc2 45. Bxc2 Qc4 46. Bb3 Qc3 47. h4 h5 48. Kh2 Rc6 49. Kg2 Bd7 50. Ra1 Bc8 51. Ra2 Bb7 52. Rd2 Qb4 53. Rd3 Ba6 54. Re3 Bc4 55. Bc2 Ba2 56. Rd3 Kg7 57. Re3 Kg8 58. Rd3 Qc4 1/2-1/2

[Event "GER-chT States Women 2022"]
[Site "Braunfels"]
[Date "2022.06.16"]
[Round "1.36"]
[White "Just, Anita"]
[Black "Marx, Christina"]
[Result "1/2-1/2"]
[ECO "B59"]
[WhiteElo "1895"]
[BlackElo "1587"]
[Annotator "NA RC COMBH"]
[PlyCount "112"]
[EventDate "2022.06.15"]
[EventType "swiss"]
[EventCountry "GER"]
[SourceTitle "playchess.com"]
[Source "ChessBase"]
[SourceQuality "1"]
[TimeControl "40/5400+30:1800+30"]

1. e4 c5 2. Nf3 Nc6 3. d4 cxd4 4. Nxd4 d6 5. Nc3 Nf6 6. Be2 e5 7. Nb3 Be6 8. O-O Be7 9. f4 exf4 10. Bxf4 O-O 11. Kh1 a6 12. Qd2 d5 13. e5 Ne8 14. Rad1 Nc7 15. Bf3 Bb4 16. Qf2 Bxc3 17. bxc3 Qe7 18. Qg3 Kh8 19. Rd3 Bf5 20. Rd2 Rad8 21. Bg5 f6 22. exf6 gxf6 23. Bh6 Rg8 24. Qf2 Rg6 25. Bf4 Be4 26. Re1 f5 27. Nd4 Nxd4 28. Qxd4+ Kg8 29. c4 Ne6 30. Qe5 Qh4 31. Bg3 Qg5 32. Rf2 f4 33. Qxg5 Nxg5 34. Bxf4 Bxf3 35. Bxg5 Rxg5 36. Rxf3 dxc4 37. Kg1 b5 38. Rfe3 Rf8 39. Re6 a5 40. R6e5 Rff5 41. Re7 Rf7 42. g3 c3 43. Rxf7 Kxf7 44. Kf2 Kf6 45. Re3 b4 46. Rd3 Re5 47. g4 Ke6 48. Rd4 Rd5 49. Ke3 Ke5 50. Re4+ Kd6 51. Rc4 Re5+ 52. Kf2 Rd5 53. Ke3 Re5+ 54. Kf2 Rd5 55. Ke3 Re5+ 56. Kd3 Rd5+ 1/2-1/2

[Event "GER-chT States Women 2022"]
[Site "Braunfels"]
[Date "2022.06.16"]
[Round "1.37"]
[White "Mueller, Riyanna"]
[Black "Lowke, Kathrin"]
[Result "1/2-1/2"]
[ECO "B22"]
[WhiteElo "1521"]
[BlackElo "1850"]
[Annotator "NA RC COMBH"]
[PlyCount "144"]
[EventDate "2022.06.15"]
[EventType "swiss"]
[EventCountry "GER"]
[SourceTitle "playchess.com"]
[Source "ChessBase"]
[SourceQuality "1"]
[TimeControl "40/5400+30:1800+30"]

1. e4 c5 2. c3 d6 3. g3 Nf6 4. Bg2 g6 5. Ne2 Bg7 6. O-O O-O 7. h3 Nc6 8. d4 Bd7 9. Be3 cxd4 10. cxd4 Qa5 11. Nbc3 Rac8 12. Rc1 Rfd8 13. Qd2 b5 14. d5 Ne5 15. b3 b4 16. f4 bxc3 17. Nxc3 Neg4 18. hxg4 Nxg4 19. Bd4 Qb4 20. Bxg7 Kxg7 21. Rfd1 Rc5 22. Bf1 Rdc8 23. Bc4 Qb6 24. Qd4+ f6 25. Kg2 R5c7 26. Kf3 Qb4 27. Rc2 h5 28. Re1 Rf8 29. Kg2 Kh7 30. Rce2 a5 31. Qd3 a4 32. Rc2 Rfc8 33. Ree2 Nh6 34. Qd4 Nf7 35. Kf3 Bg4+ 36. Ke3 Bxe2 37. Kxe2 axb3 38. axb3 Rc5 39. Kd3 Qa3 40. Kd2 Ra5 41. Na4 Qb4+ 42. Kd3 Qe1 43. Qe3 Qf1+ 44. Kd4 Qd1+ 45. Rd2 Qa1+ 46. Kd3 Rxa4 47. bxa4 Qa3+ 48. Ke2 Qxe3+ 49. Kxe3 Rxc4 50. Ra2 Rc8 51. a5 Ra8 52. a6 Nd8 53. Kd4 Ra7 54. Kc4 Nb7 55. axb7 Rxb7 56. Ra3 Kg7 57. Re3 Rb1 58. e5 Rc1+ 59. Kd4 Rd1+ 60. Kc4 Rc1+ 61. Kd4 fxe5+ 62. fxe5 dxe5+ 63. Kxe5 Rf1 64. Ke6 Kf8 65. Ke5 Rf6 66. Rd3 Kf7 67. Re3 Ke8 68. Rd3 Kd7 69. Ra3 Rf5+ 70. Ke4 Rf6 71. Ke5 Rf5+ 72. Ke4 Rf6 1/2-1/2

[Event "GER-chT States Women 2022"]
[Site "Braunfels"]
[Date "2022.06.16"]
[Round "1.38"]
[White "Kosovska, Olena"]
[Black "Anisimova, Mariya"]
[Result "1-0"]
[ECO "C78"]
[WhiteElo "1827"]
[BlackElo "1386"]
[Annotator "NA COMBH"]
[PlyCount "113"]
[EventDate "2022.06.15"]
[EventType "swiss"]
[EventCountry "GER"]
[SourceTitle "playchess.com"]
[Source "ChessBase"]
[SourceQuality "1"]
[TimeControl "40/5400+30:1800+30"]

1. e4 e5 2. Nf3 Nc6 3. Bb5 a6 4. Ba4 Nf6 5. O-O b5 6. Bb3 Bc5 7. Re1 d6 8. h3 O-O 9. c3 h6 10. d4 Bb6 11. Qd3 Bb7 12. Be3 Re8 13. d5 Ne7 14. Bxb6 cxb6 15. Nbd2 Ng6 16. Nf1 Nf4 17. Qe3 Bc8 18. N3h2 N6h5 19. Bd1 f5 20. Bxh5 Nxh5 21. exf5 Bxf5 22. g4 Nf4 23. gxf5 Qg5+ 24. Ng3 Nxh3+ 25. Kf1 Nf4 26. Qf3 Qh4 27. Kg1 Nh3+ 28. Kg2 Nf4+ 29. Kh1 h5 30. Ne4 Qe7 31. Rg1 g6 32. fxg6 Rf8 33. Rg5 Kg7 34. Rag1 Rh8 35. Rf5 Raf8 36. Rxf8 Rxf8 37. Ng3 Qh4 38. b3 Kg8 39. g7 Rf7 40. Ne2 a5 41. Rg3 Qe7 42. Nxf4 exf4 43. Qxh5 Qe4+ 44. Nf3 Rxg7 45. Rxg7+ Kxg7 46. Kg2 a4 47. Qg4+ Kf7 48. Qd7+ Kg6 49. Qxd6+ Kh5 50. Qe5+ Qxe5 51. Nxe5 axb3 52. axb3 Kg5 53. d6 Kf6 54. d7 Ke7 55. Kf3 b4 56. c4 Kd8 57. Kxf4 1-0

[Event "GER-chT States Women 2022"]
[Site "Braunfels"]
[Date "2022.06.16"]
[Round "1.39"]
[White "Perovic-Ottstadt, Sanja"]
[Black "Neumeyer, Hannelore"]
[Result "0-1"]
[ECO "D05"]
[WhiteElo "1507"]
[BlackElo "1877"]
[Annotator "NA RC COMBH"]
[PlyCount "66"]
[EventDate "2022.06.15"]
[EventType "swiss"]
[EventCountry "GER"]
[SourceTitle "playchess.com"]
[Source "ChessBase"]
[SourceQuality "1"]
[TimeControl "40/5400+30:1800+30"]

1. d4 d5 2. Nf3 Nf6 3. e3 e6 4. Bd3 c5 5. c3 Nc6 6. Nbd2 Bd6 7. O-O e5 8. dxe5 Nxe5 9. Nxe5 Bxe5 10. Nf3 Bc7 11. Re1 O-O 12. b3 Bg4 13. Be2 Qd6 14. g3 Rad8 15. Bb2 Qc6 16. Rc1 Rfe8 17. Qc2 d4 18. Nh4 Bxe2 19. Qxe2 d3 20. Qf3 Qxf3 21. Nxf3 d2 22. Nxd2 Rxd2 23. Rb1 Red8 24. c4 Ne4 25. f3 Ng5 26. Rf1 Nh3+ 27. Kh1 Ba5 28. a3 R8d3 29. Bc1 Rd1 30. Rxd1 Rxd1+ 31. Kg2 Ng5 32. e4 Ne6 33. f4 Bd2 0-1

[Event "GER-chT States Women 2022"]
[Site "Braunfels"]
[Date "2022.06.16"]
[Round "1.40"]
[White "Gottschall, Ina"]
[Black "Weinmann, Helene"]
[Result "1-0"]
[ECO "D53"]
[WhiteElo "1612"]
[BlackElo "1468"]
[Annotator "NA RC COMBH"]
[PlyCount "79"]
[EventDate "2022.06.15"]
[EventType "swiss"]
[EventCountry "GER"]
[SourceTitle "playchess.com"]
[Source "ChessBase"]
[SourceQuality "1"]
[TimeControl "40/5400+30:1800+30"]

1. d4 Nf6 2. c4 d5 3. Nc3 e6 4. Bg5 Be7 5. h3 Nbd7 6. e3 O-O 7. Nf3 dxc4 8. Bxc4 Nb6 9. Bb3 Bd7 10. Ne5 Be8 11. O-O Nfd5 12. Bxe7 Nxe7 13. Qd3 c6 14. Bc2 Ng6 15. Ne2 Nd5 16. a3 Nf6 17. Rad1 Qc7 18. Nxg6 hxg6 19. Qb3 Nd5 20. Ng3 Qb6 21. Rd3 Qxb3 22. Bxb3 Bd7 23. Ne4 Rad8 24. Rfd1 Bc8 25. h4 f6 26. g3 b6 27. Nc3 Ba6 28. R3d2 Kf7 29. e4 Ne7 30. d5 cxd5 31. exd5 exd5 32. Nxd5 Nxd5 33. Bxd5+ Ke7 34. Re1+ Kd6 35. Bb7+ Kc7 36. Re7+ Kb8 37. Rxd8+ Rxd8 38. Bxa6 Rd2 39. Rb7+ Ka8 40. Rxg7 1-0

[Event "GER-chT States Women 2022"]
[Site "Braunfels"]
[Date "2022.06.17"]
[Round "3.1"]
[White "Doluhanova, Evgeniya"]
[Black "Zatonskih, Anna"]
[Result "1/2-1/2"]
[ECO "C47"]
[WhiteElo "2270"]
[BlackElo "2386"]
[Annotator "TA"]
[PlyCount "79"]
[EventDate "2022.06.15"]
[EventType "swiss"]
[EventCountry "GER"]
[SourceTitle "playchess.com"]
[Source "ChessBase"]
[SourceQuality "1"]
[TimeControl "40/5400+30:1800+30"]

1. e4 e5 2. Nf3 Nf6 3. Nc3 Nc6 4. d4 exd4 5. Nxd4 Bb4 6. Nxc6 bxc6 7. Bd3 d5 8. exd5 cxd5 9. O-O O-O 10. Bg5 c6 11. Qf3 Be7 12. Rfe1 Re8 13. h3 {[%emt 0:01:36] C47: Scotch Four Knights and Four Knights with 4 g3.} h6 14. Bf4 Be6 15. Rad1 {[%emt 0:01:11] The position is equal. has lost popularity (15.Ne2).} Qa5 16. Ne2 c5 {[%emt 0:18:34] [#] Prevents Nd4.} 17. Ng3 $146 ({Predecessor:} 17. Be5 Rad8 18. Ng3 c4 19. Bf5 Qa6 20. Rd4 Bc5 21. Bxf6 Bxf5 22. Rxe8+ Rxe8 23. Rxd5 Qxf6 24. Rxc5 {½-½ (69) Parligras,C (2299)-Lilov,V (2434) Albena 2013}) 17... d4 {[%emt 0:04:42] [#]} (17... Bf8 $14) 18. Nf5 (18. Nh5 $1 $16 {[%cal Rh5g7] Strongly threatening Nxg7!} c4 {[#]} 19. Rxe6 $1 fxe6 20. Nxf6+ Bxf6 21. Bxc4) 18... Bxf5 $11 19. Bxf5 {[%emt 0:00:07][%cal Oe1e7] Threatens to win with Rxe7!} Rad8 (19... Bf8 $14 20. Rxe8 Rxe8) 20. Bd3 $36 {[%emt 0:05:05][%mdl 2048] White has strong initiative.} Bd6 21. Rxe8+ Nxe8 22. Bd2 Qb6 23. b3 Bb8 (23... Nf6 $142) 24. Re1 Qd6 {[%emt 0:04:07] Inhibits Re7.} (24... Nf6 $16) 25. g3 $18 {[%emt 0:01:19] Active counter play!} Qd7 (25... Nf6 $142 26. Bc4 Rf8) 26. Kg2 (26. Ba5 $18 {is the precise move to win.}) 26... Nd6 27. Qd5 Qb7 28. Qxb7 Nxb7 29. Bb5 Bd6 30. Bc6 Rb8 31. Kf3 Kf8 32. Ke4 Nd8 33. Bd5 Ne6 34. Kd3 Nc7 35. Bc4 Re8 (35... Rc8 $142) 36. a3 Rxe1 37. Bxe1 Ke7 38. Ba5 Na8 39. Bd5 {[%emt 0:01:36] This bishop pair is nice.} Nb6 40. Bxb6 {[%emt 0:00:41] Weighted Error Value: White=0.21 (precise) /Black=0.27 (precise)} 1/2-1/2

[Event "GER-chT States Women 2022"]
[Site "Braunfels"]
[Date "2022.06.17"]
[Round "3.2"]
[White "Cosma, Elena-Luminita"]
[Black "Jussupow, Nadia"]
[Result "1/2-1/2"]
[ECO "A40"]
[WhiteElo "2277"]
[BlackElo "2146"]
[Annotator "TA"]
[PlyCount "68"]
[EventDate "2022.06.15"]
[EventType "swiss"]
[EventCountry "GER"]
[SourceTitle "playchess.com"]
[Source "ChessBase"]
[SourceQuality "1"]
[TimeControl "40/5400+30:1800+30"]

1. d4 b6 2. e4 Bb7 3. Bd3 e6 4. Nf3 c5 5. c3 Qc7 6. O-O {[%emt 0:01:39] B00: Queen's Fianchetto Defence, Nimzowitsch Defence.} Nf6 7. Re1 d6 8. Bg5 {[%emt 0:12:58] White is better.} Be7 9. Na3 {[%emt 0:07:40] Black must now prevent e5.} a6 10. e5 dxe5 11. dxe5 Nd5 12. Nc4 {[%emt 0:00:30] [#]} O-O $146 ({Predecessor:} 12... b5 13. Bxe7 Kxe7 14. Nd6 Nd7 15. Nxb7 Qxb7 16. Ng5 h6 17. Ne4 Qc7 18. c4 bxc4 19. Bxc4 {1-0 (34) Baron Rodriguez,J (2350)-Cismaru,C San Agustin 1998}) 13. Nd6 f6 14. Nxb7 {[%emt 0:03:17] White is much more active.} (14. Bh4 $16 Bc6 15. Bc2) 14... fxg5 $14 15. Nd6 {[%emt 0:00:08] Hoping for Be4.} Nc6 16. Bc4 (16. g3 $5 ) 16... Nf4 (16... Bxd6 $2 17. exd6 Qf7 18. Rxe6 $3 $18 ) 17. g3 $1 ({And not} 17. Qb3 Kh8 18. Bf1 (18. Bxe6 Na5 $17) 18... g4 $17) 17... b5 $1 18. gxf4 bxc4 19. Nxg5 Bxg5 20. fxg5 Rf4 21. g6 hxg6 22. f3 (22. Re4 $11 Rxe4 23. Nxe4) 22... Raf8 $15 23. Re3 {[%emt 0:00:08] [#]} Qe7 (23... Ne7 $1 $17 {[%cal Re7d5] aiming for ...Nd5.} 24. Re4 Rxf3) 24. Kh1 Qg5 (24... g5 $5 25. Rb1 g4 $19) 25. Qe2 Qh5 26. Rg1 $1 Ne7 {[%emt 0:06:05] ...Nd5 is the strong threat.} 27. Qg2 $1 Rxf3 (27... Nd5 {is interesting.} 28. Re4 Rxf3 29. Qxg6 Qxg6 30. Rxg6 Nf4) 28. Rxf3 {[%emt 0:00:18] The position is equal.} Qxf3 29. Qxf3 Rxf3 30. Nxc4 {[%emt 0:00:07] KRN-KRN} Rf2 31. Rg2 Rf1+ 32. Rg1 Rf2 33. Rg2 Rf1+ 34. Rg1 Rf2 {[%emt 0:01:05] Weighted Error Value: White=0.12 (very precise) /Black=0.09 (flawless)} 1/2-1/2

[Event "GER-chT States Women 2022"]
[Site "Braunfels"]
[Date "2022.06.17"]
[Round "3.3"]
[White "Kostak, Tatiana"]
[Black "Voicu-Jagodzinsky, Carmen"]
[Result "1/2-1/2"]
[ECO "A00"]
[WhiteElo "2102"]
[BlackElo "2291"]
[Annotator "NA RC"]
[PlyCount "58"]
[EventDate "2022.06.15"]
[EventType "swiss"]
[EventCountry "GER"]
[SourceTitle "playchess.com"]
[Source "ChessBase"]
[SourceQuality "1"]
[TimeControl "40/5400+30:1800+30"]

1. a3 d5 2. Nc3 d4 3. Nb1 e5 4. e4 Be6 5. Nf3 Bd6 6. Bd3 c5 7. Qe2 Nf6 8. Ng5 Bg4 9. f3 Bh5 10. Bc4 h6 11. Nh3 g5 12. Nf2 a6 13. a4 Nc6 14. d3 b5 15. Bb3 Bg6 16. g4 Be7 17. Bd2 b4 18. Bc1 Na5 19. Nd2 h5 20. h3 Nd7 21. Nc4 Nxc4 22. Bxc4 Qb6 23. Bd2 Nf8 24. b3 Ne6 25. Bxe6 Qxe6 26. Qf1 Kd7 27. Nd1 Rh6 28. Nf2 Rah8 29. O-O-O h4 1/2-1/2